 Dungeon Crawl Stone Soup version 0.25-a0-201-g0bb11aece9 (webtiles) character file.

Game seed: 17683349107759461443, levelgen mode: deterministic

14991 MisterFreud the Grappler (level 11, -8/95 (96) HPs)
             Began as a Troll Monk on Dec 2, 2019.
             Was a High Priest of the Shining One.
             Killed from afar by Jorgrun (33 damage)
             ... with a blast of rock fragments
             ... on level 12 of the Dungeon.
             The game lasted 00:17:06 (9243 turns).

MisterFreud the Grappler (Troll Monk)               Turns: 9243, Time: 00:17:07

HP:   -8/95 (96)    AC:  8    Str: 23    XL:     11   Next: 96%
MP:   13/13         EV: 11    Int:  6    God:    the Shining One [*****.]
Gold: 355           SH: 18    Dex: 15    Spells: 10/10 levels left

rFire    . . .     SeeInvis .     - Unarmed
rCold    . . .     Gourm    +   H - +1 large shield
rNeg     + + .     Faith    .   d - +2 robe {MR+}
rPois    .         Spirit   .   (helmet restricted)
rElec    .         Reflect  .   (no cloak)
rCorr    .         Harm     .   (gloves unavailable)
MR       +....                  (boots unavailable)
Stlth    +.........             (no amulet)
HPRegen  0.65/turn              w - +2 ring of strength
MPRegen  0.13/turn              K - ring of stealth

@: grasped by roots, glowing, constricted
A: large, unfitting armour, claws 3, fast metabolism 3, gourmand, regeneration
1, shaggy fur 1, tough skin 3
a: Divine Shield, Cleansing Flame, Summon Divine Warrior, Renounce Religion


You were on level 12 of the Dungeon.
You worshipped the Shining One.
The Shining One was extremely pleased with you.
You were not hungry.

You visited 1 branch of the dungeon, and saw 12 of its levels.

You collected 715 gold pieces.
You spent 360 gold pieces at shops.

Inventory:

Missiles
 g - 425 stones (quivered)
 p - 8 silver boomerangs
 y - 16 boomerangs
 E - 2 throwing nets
 M - 7 large rocks
Armour
 a - a +0 robe
 d - a +2 robe of magic resistance (worn)
 H - a +1 large shield (worn)
Jewellery
 w - a +2 ring of strength (left claw)
 G - an uncursed ring of ice
 K - a ring of stealth (right claw)
Wands
 n - a wand of paralysis (7)
 q - a wand of iceblast (3)
 D - a wand of flame (40)
 J - a wand of acid (20)
 P - a wand of disintegration (8)
Scrolls
 c - 3 scrolls of enchant armour
 i - 8 scrolls of teleportation
 l - 3 scrolls of remove curse
 s - 2 scrolls of noise
 t - 2 scrolls of enchant weapon
 v - 3 scrolls of blinking
 I - 2 scrolls of magic mapping
 O - a scroll of fear
Potions
 e - 3 potions of brilliance
 f - 2 potions of mutation
 h - 5 potions of heal wounds
 j - a potion of flight {unknown}
 k - 2 potions of might
 m - a potion of berserk rage
 o - 3 potions of ambrosia
 r - 4 potions of curing
 u - 5 potions of magic
 z - 4 potions of degeneration
 A - a potion of resistance
 B - a potion of cancellation {unknown}
 C - 3 potions of lignification
 F - 2 potions of haste
 L - a potion of invisibility {unknown}
Miscellaneous
 x - a fan of gales
Comestibles
 b - 18 rations


   Skills:
 - Level 2.9 Fighting
 - Level 10.0 Dodging
 - Level 1.4 Stealth
 * Level 9.3 Shields
 - Level 10.0 Unarmed Combat
 + Level 5.2 Invocations


You had 10 spell levels left.
You didn't know any spells.
Your spell library contained the following spells:

 Spells                   Type           Power        Failure   Level  Hunger
 Animate Skeleton         Necr           N/A          86%         1    ##.....
 Freeze                   Ice            #...         86%         1    ##.....
 Pain                     Necr           #...         86%         1    ##.....
 Throw Frost              Conj/Ice       #.....       94%         2    ###....
 Ozocubu's Armour         Chrm/Ice       #.......     99%         3    ####...
 Regeneration             Chrm/Necr      #.........   99%         3    ####...
 Vampiric Draining        Necr           #.........   99%         3    ####...
 Animate Dead             Necr           N/A          100%        4    #####..
 Summon Ice Beast         Ice/Summ       #.......     100%        4    #####..
 Throw Icicle             Conj/Ice       #.......     100%        4    #####..


Dungeon Overview and Level Annotations

Branches:
Dungeon (12/15)            Temple (0/1) D:6            Lair (0/6) D:11
    Orc (0/2) D:9

Altars:
Dithmenos
Makhleb
Qazlal
Trog
The Shining One

Shops:
D:8 }   D:9 :

Annotations:
D:4 3 runed translucent doors, Lanoc's ghost, amateur DrAE
D:12 Jorgrun


Innate Abilities, Weirdness & Mutations

You are too large for most types of armour.
You have claws for hands.
Your metabolism is lightning-fast.
You like to eat raw meat.
Your natural rate of healing is unusually fast.
You are covered in fur. (AC +1)
You have extremely tough skin. (AC +3)


Message History

Jorgrun gestures at you while chanting. You block the iron shot.
The grasping roots constrict you! The hungry ghost hits you.
Your shield prevents you from hitting Jorgrun.
Jorgrun is severely wounded.
Jorgrun hits you with a +0 quarterstaff of crushing!
* * * LOW HITPOINT WARNING * * *
The grasping roots constrict you! The hungry ghost hits you.
* * * LOW HITPOINT WARNING * * *
Unknown command.
Evoke which item? (* to show all) (? for menu, Esc to quit)
Aiming: Corrosive Bolt
Press: ? - help, Shift-Dir - straight line, f - Jorgrun
Aim: Jorgrun, wielding a +0 quarterstaff of crushing and wearing a +1 robe of cold resistance (severely wounded, haloed)
The bolt of acid hits Jorgrun!
Jorgrun is splashed with acid!
The acid corrodes Jorgrun!
Jorgrun is severely wounded.
Jorgrun points at you and mumbles some strange words.
The wall shatters!
The blast of rock fragments hits you!!
You die...

......# ......#
#........# ......+
##........# ' ......#
'........#.# ....[.#
#........'. ......#
#........# ###'###
#........# #.#
#...gW...# #.# #@#
#.### #.# #...# #.##
###.# #..# #####.##
#######'##### .......#
#...........#
.......####...........#
.......##.'...........#
.......##.#...((...)..#


You could see Jorgrun and a hungry ghost.

Vanquished Creatures
  A hydra (D:11)
  Erolcha (D:10)
  3 two-headed ogres
  An unseen horror (D:11)
  Pikel (D:4)
  2 cyclopes
  A manticore (D:11)
  A gargoyle (D:11)
  A troll (D:9)
  4 hippogriffs
  5 yaks (D:11)
  A vampire (D:11)
  Eustachio (D:6)
  A hungry ghost (D:10)
  A steam dragon (D:8)
  A water moccasin (D:12)
  A black bear (D:8)
  3 ice beasts
  2 necrophages
  A slave (D:4)
  4 orc warriors
  3 ogres
  4 eyes of draining
  2 sky beasts
  2 phantoms
  3 centaurs
  A big kobold (D:6)
  10 bullfrogs
  2 scorpions
  25 killer bees
  19 wights
  A crimson imp (D:11)
  5 howler monkeys
  2 centaur skeletons
  15 hounds
  A jelly (D:6)
  9 orc wizards
  3 bullfrog skeletons
  7 orc priests
  Ijyb (D:3)
  3 iguanas
  6 worker ants
  A killer bee zombie (D:9)
  A hound zombie (D:11)
  2 hound skeletons
  3 worker ant zombies
  Robin (D:2)
  A gnoll (D:1)
  18 adders
  A shadow imp (D:10)
  An ooze (D:7)
  2 adder skeletons
  An adder zombie (D:6)
  A worm (D:2)
  2 dart slugs
  2 leopard geckos
  74 orcs
  3 bats
  8 giant cockroaches
  15 goblins
  11 hobgoblins
  13 jackals
  7 quokkas
  A ball python (D:5)
  5 frilled lizards
  11 kobolds
  3 leopard gecko skeletons
  A leopard gecko zombie (D:8)
  A quokka skeleton (D:5)
  14 rats
365 creatures vanquished.

Vanquished Creatures (others)
  An adder skeleton (D:4)
  A plant (D:9)
2 creatures vanquished.

Grand Total: 367 creatures vanquished

Notes
Turn   | Place    | Note
-------+----------+-------------------------------------------
     0 | D:1      | MisterFreud the Troll Monk began the quest for the Orb.
     0 | D:1      | Reached XP level 1. HP: 22/22 MP: 0/0
     2 | D:1      | Noticed a dwarf
     2 | D:1      | Noticed an ogre
     4 | D:1      | Noticed a demonspawn
     6 | D:1      | Noticed a minotaur
     6 | D:1      | Noticed a gargoyle
     8 | D:1      | Noticed a tengu
     8 | D:1      | Noticed a demigod
    10 | D:1      | Noticed a ghoul
    10 | D:1      | Noticed a merfolk
    12 | D:1      | Noticed a human
    12 | D:1      | Noticed a halfling
    14 | D:1      | Noticed a vampire
    14 | D:1      | Noticed a spriggan
    16 | D:1      | Noticed a centaur
    16 | D:1      | Noticed an octopode
    18 | D:1      | Noticed a draconian
    20 | D:1      | Noticed a felid
    22 | D:1      | Noticed a troll
    24 | D:1      | Noticed a naga
    24 | D:1      | Noticed an elf
    26 | D:1      | Noticed a vine stalker
    26 | D:1      | Noticed a formicid
   354 | D:1      | Reached XP level 2. HP: 29/29 MP: 1/1
   804 | D:2      | Reached XP level 3. HP: 30/36 MP: 2/2
   937 | D:3      | Reached XP level 4. HP: 13/44 MP: 3/3
  1049 | D:2      | Found a shadowy altar of Dithmenos.
  1108 | D:2      | Noticed Robin
  1146 | D:2      | Killed Robin
  1537 | D:3      | Reached XP level 5. HP: 50/52 MP: 4/4
  1556 | D:3      | Found a glowing golden altar of the Shining One.
  1755 | D:3      | Noticed Ijyb
  1766 | D:3      | Killed Ijyb
  1766 | D:3      | Reached skill level 5 in Unarmed Combat
  1814 | D:3      | Became a worshipper of the Shining One
  1814 | D:3      | Reached * piety under the Shining One
  1814 | D:3      | Reached ** piety under the Shining One
  1940 | D:3      | Found a faded altar of an unknown god.
  2038 | D:3      | Noticed an air elemental
  2040 | D:3      | Found a stormy altar of Qazlal.
  2047 | D:3      | Noticed a water elemental
  2093 | D:3      | Noticed a fire elemental
  2552 | D:4      | Reached XP level 6. HP: 59/59 MP: 5/5
  2648 | D:4      | Reached XP level 7. HP: 41/66 MP: 6/6
  2740 | D:4      | Found a runed translucent gate.
  2740 | D:4      | Found a runed translucent gate.
  2740 | D:4      | Found a runed translucent gate.
  2741 | D:4      | Noticed Lanoc's ghost (amateur DrAE)
  2741 | D:4      | Identified the +4 dagger of the Boiling Point {drain, rPois
                  | rN+ Stlth+}
  2861 | D:4      | Noticed Pikel
  2898 | D:4      | Killed Pikel
  2898 | D:4      | Reached XP level 8. HP: 28/74 MP: 7/7
  2983 | D:4      | Found a burning altar of Makhleb.
  2983 | D:4      | Noticed a cacodemon
  2986 | D:4      | Noticed an orange demon
  3073 | D:5      | Entered Level 5 of the Dungeon
  3165 | D:5      | Reached *** piety under the Shining One
  3671 | D:6      | Found a bloodstained altar of Trog.
  3759 | D:6      | Noticed Eustachio
  3783 | D:6      | Reached XP level 9. HP: 65/80 MP: 8/8
  3790 | D:6      | Killed Eustachio
  3925 | D:6      | Found a staircase to the Ecumenical Temple.
  4653 | D:7      | Reached **** piety under the Shining One
  5391 | D:8      | Reached skill level 1 in Shields
  5458 | D:8      | Reached XP level 10. HP: 47/88 MP: 9/9
  5632 | D:8      | Noticed a two-headed ogre
  5641 | D:8      | Killed a two-headed ogre
  5641 | D:8      | Reached skill level 10 in Unarmed Combat
  5682 | D:8      | Found Xyityiqe's Gadget Emporium.
  5721 | D:8      | Bought a wand of acid (11) for 360 gold pieces
  6298 | D:9      | Found Fisy's Book Emporium.
  6447 | D:9      | Reached skill level 5 in Shields
  6550 | D:9      | Found a staircase to the Orcish Mines.
  6593 | D:9      | Reached ***** piety under the Shining One
  7256 | D:10     | Entered Level 10 of the Dungeon
  7317 | D:10     | Reached skill level 10 in Dodging
  7681 | D:10     | Noticed Erolcha
  7690 | D:10     | Killed Erolcha
  7690 | D:10     | Reached skill level 1 in Invocations
  7690 | D:10     | Reached XP level 11. HP: 95/95 MP: 9/11
  8412 | D:11     | Found a staircase to the Lair.
  8438 | D:11     | Noticed a four-headed hydra
  8452 | D:11     | Killed a four-headed hydra
  8632 | D:11     | Noticed a two-headed ogre
  8643 | D:11     | Killed a two-headed ogre
  8668 | D:11     | Noticed an unseen horror
  8671 | D:11     | Killed an unseen horror
  8964 | D:12     | Noticed a two-headed ogre
  8970 | D:12     | Killed a two-headed ogre
  9043 | D:12     | Reached skill level 5 in Invocations
  9230 | D:12     | Noticed Jorgrun
  9243 | D:12     | Killed from afar by Jorgrun

Levels and vault maps discovered:
D:1:      kb_arrival_jail, layout_basic, serial_rivers,
          chequers_serial_rivers_micro_b, chequers_serial_rivers_small_a,
          chequers_serial_rivers_micro_d, chequers_serial_rivers_small_3,
          chequers_serial_rivers_marsh, chequers_serial_rivers_room_a,
          minmay_hedge_maze
D:2:      layout_basic, grunt_dithmenos_smoke_and_mirrors, uniq_robin
D:3:      layout_basic, nicolae_overflow_crystal_walls,
          chequers_ecumenical_altar_simple_redux,
          nicolae_qazlal_style_of_elements, uniq_ijyb
D:4:      layout_basic, makhleb_altar_promises_db,
          gammafunk_ghost_nasty_kobolds, uniq_pikel
D:5:      layout_cave_pools, first_ration, patterned_corridor
D:6:      layout_basic, lemuel_round_altar, minmay_temple_entry_gardened_gates,
          minmay_misc_feat_four_crosses, st_stairs_3, uniq_eustachio
D:7:      hangedman_cross_stitches, layout_basic
D:8:      layout_loops_ring, serial_shops, nicolae_shop_trees
D:9:      corexii_shack_village, layout_irregular_city, hiddenorc1_lemuel,
          serial_shops, shop
D:10:     layout_loops_ring, uniq_erolcha
D:11:     layout_stronghold, lair_entry_dummy
D:12:     layout_roguey, enter_bailey_3, uniq_jorgrun

Skill      XL: |  1  2  3  4  5  6  7  8  9 10 11 |
---------------+----------------------------------+-----
Unarmed Combat | 4 5 6 7 9 10 | 10.0
Dodging        | 3 4 6 7 9 10 | 10.0
Shields        | 1 6 9 |  9.3
Invocations    | 1 5 |  5.2
Fighting       | |  2.9
Stealth        | |  1.4

Action                   |  1- 3 |  4- 6 |  7- 9 | 10-12 || total
-------------------------+-------+-------+-------+-------++-------
Melee: Unarmed           |    52 |   199 |   301 |   416 ||   968
       Punch             |       |     5 |    13 |     3 ||    21
Evoke: Wand              |       |       |       |     6 ||     6
  Use: Scroll            |       |       |     6 |    16 ||    22
 Stab: Sleeping          |     2 |     5 |       |       ||     7
  Eat: Chunk             |    13 |    13 |    30 |    37 ||    93
Armor: Robe              |    14 |    64 |    77 |    52 ||   207
Dodge: Dodged            |    25 |   102 |   206 |   158 ||   491
Block: Large shield      |       |       |       |   277 ||   277

Table legend:
 A = Non-vault XP
 B = Vault XP
 C = Vault XP percentage of total XP
 D = Non-vault monster count
 E = Vault monster count
 F = Vault count percentage of total count
                 A         B        C        D         E       F
            +---------+---------+-------+---------+---------+-------
      Total |   18867 |    2550 |  11.9 |     313 |      51 |  14.0
            +---------+---------+-------+---------+---------+-------
        D:1 |      36 |       0 |   0.0 |      16 |       0 |   0.0
        D:2 |      46 |      35 |  43.2 |      18 |      12 |  40.0
        D:3 |     181 |      38 |  17.4 |      38 |       1 |   2.6
        D:4 |     483 |     663 |  57.9 |      20 |       1 |   4.8
        D:5 |     603 |       0 |   0.0 |      31 |       0 |   0.0
        D:6 |    1277 |     205 |  13.8 |      36 |       2 |   5.3
        D:7 |     589 |     401 |  40.5 |      12 |      10 |  45.5
        D:8 |    2963 |       0 |   0.0 |      32 |       0 |   0.0
        D:9 |    1969 |     233 |  10.6 |      29 |      24 |  45.3
       D:10 |    1622 |     975 |  37.5 |      30 |       1 |   3.2
       D:11 |    6407 |       0 |   0.0 |      37 |       0 |   0.0
       D:12 |    2691 |       0 |   0.0 |      14 |       0 |   0.0
            +---------+---------+-------+---------+---------+-------
